 Dungeon Crawl Stone Soup version 0.31-a0-221-gbddc013574 (webtiles) character file.

Game seed: 13054949012964541259

291 qw the Chopper (level 6, -4/38 HPs)
             Began as a Gargoyle Fighter on July 4, 2023.
             Slain by an ogre
             ... wielding a +0 giant club
              (25 damage)
             ... on level 4 of the Dungeon.
             The game lasted 00:01:13 (2501 turns).

qw the Chopper (Gargoyle Fighter)                   Turns: 2501, Time: 00:01:14

Health: -4/38      AC: 11    Str: 21    XL:     6   Next: 32%
Magic:  6/6        EV:  9    Int:  9    God:
Gold:   14         SH:  4    Dex:  9    Spells: 5/5 levels left

rFire   . . .        Y - +1 war axe
rCold   . . .        c - +0 buckler
rNeg    + . .        b - +0 scale mail
rPois   inf          (no helmet)
rElec   +            (no cloak)
rCorr   .            (no gloves)
SInv    .            (no boots)
Will    .....        (no amulet) Stlth
                     (no ring)
HPRegen 0.26/turn    (no ring)
MPRegen 0.10/turn

%: no passive effects
@: no status effects
A: sickness immunity, AC +4, negative energy resistance 1, electricity
resistance, torment resistance 1, petrification resistance
a: no special abilities


You were on level 4 of the Dungeon.
You visited 1 branch of the dungeon, and saw 4 of its levels.

You collected 168 gold pieces.
You spent 154 gold pieces at shops.


Innate Abilities, Weirdness & Mutations

You are immune to sickness and miasma.
Your stone body is resilient. (AC +4)
You are immune to poison.
You resist negative energy. (rN+)
You are resistant to electric shocks. (rElec)
You are resistant to unholy torment.
You are immune to petrification.


   Skills:
 - Level 4.0 Fighting
 - Level 5.6 Axes
 - Level 3.2 Armour
 + Level 0.0 Dodging
 - Level 3.2 Shields


You had 5 spell levels left.
You didn't know any spells.
Your spell library was empty.

Inventory:

Hand Weapons
 h - a +0 mace
 Y - a +1 war axe (weapon)
Armour
 b - a +0 scale mail (worn)
 c - a +0 buckler (worn)
Scrolls
 a - a scroll of identify
Potions
 d - 2 potions of might
 e - a potion of mutation
 g - a potion of resistance
 i - a potion of enlightenment
 j - a potion of heal wounds
 l - a potion of degeneration {unknown}
 m - a potion of attraction
 n - a potion of cancellation
 o - a potion of curing {unknown}

Dungeon Overview and Level Annotations

Branches:
Dungeon (4/15)
 Temple: D:4-7

Altars:
Elyvilon
Gozag
Wu Jian

Shops:
D:3 !

Annotations:
D:3 1 runed translucent door, qw's ghost, amateur MiHs


Message History

An orc comes into view. It is wielding a +0 flail.
The hound bites you but does no damage.
You completely miss the hound.
The hound is moderately wounded.
You closely miss the hobgoblin. You hit the orc.
The hobgoblin closely misses you. The orc hits you but does no damage.
An iguana comes into view.
The hound closely misses you.
You hit the hound.
The hound is heavily wounded.
You hit the orc. You hit the ogre. You slash the hobgoblin!
You kill the hobgoblin!
The hound bites you. The orc hits you but does no damage.
The ogre closely misses you. The hound bites you.
A scorpion comes into view.
An orc comes into view. It is wielding a +0 dagger.
The orc barely misses you. x2
Your Fighting skill increases to level 4!
You barely miss the hound.
The hound is heavily wounded.
The orc shouts!
You hit the orc. You slash the ogre! You hit the orc.
The hound bites you but does no damage. The ogre closely misses you.
The hound bites you but does no damage. The orc barely misses you.
You hit the orc but do no damage.
The orc is severely wounded.
You slash the orc!
You kill the orc!
You hit the hound. You barely miss the ogre.
The hound bites you but does no damage. The orc hits you but does no damage.
The ogre hits you with a +0 giant club! The hound barely misses you.
You closely miss the hound.
The hound is severely wounded.
You closely miss the scorpion.
You hit the orc. x2; You barely miss the orc.
You hit the ogre but do no damage. The hound barely misses you.
You block the scorpion's attack. The orc hits you but does no damage.
The orc barely misses you.
The ogre hits you with a +0 giant club!!
Ouch! That really hurt!
You die...

. ...(... # .#.
....! .
......... #.
#.#......
##.###.#>.....
..#...........^.
.?......oo......
.......s@...#
.......ohOo.[#
........l.....#
.##.............
..........o.###
..(>..........>
..$####.........
... #..##.....


You could see an ogre, a scorpion, an iguana, a hound and 5 orcs.

Vanquished Creatures
  Sigmund (D:3)
  Terence (D:2)
  3 gnolls (D:3)
  3 dart slugs
  An orc (D:4)
  9 ball pythons
  3 endoplasms
  2 giant cockroaches
  10 goblins
  4 hobgoblins
  10 kobolds
  2 quokkas
  3 bats
  3 frilled lizards
  4 rats
59 creatures vanquished.

Notes
Turn   | Place    | Note
-------+----------+-------------------------------------------
     0 | D:1      | qw the Gargoyle Fighter began the quest for the Orb.
     0 | D:1      | Reached XP level 1. HP: 14/14 MP: 1/1
     0 | D:1      | 0 ||| qw: Version: 0.3-a-41-g9d075ac
     0 | D:1      | 0 ||| qw: Game counter: 748
     0 | D:1      | 0 ||| qw: Melee chars always use a shield: true
     0 | D:1      | 0 ||| qw: God list: Okawaru
     0 | D:1      | 0 ||| qw: Allow faded altars: false
     0 | D:1      | 0 ||| qw: Do Orc after clearing Dungeon:15 true
     0 | D:1      | 0 ||| qw: Do second Lair branch before Depths: true
     0 | D:1      | 0 ||| qw: Lair rune preference: random
     0 | D:1      | 0 ||| qw: Goals: Normal, Zot:1-4, Slime:5, God:TSO, Crypt,
                  | Tomb, Abyss, Pan, Hells, Win
     0 | D:1      | 0 ||| PLANNING D:1-11
    48 | D:1      | 48 ||| Stepping ~*~*~tactically~*~*~ (stealth).
    50 | D:1      | 50 ||| Stepping ~*~*~tactically~*~*~ (stealth).
    53 | D:1      | Reached skill level 2 in Axes
    54 | D:1      | 54 ||| Stepping ~*~*~tactically~*~*~ (stealth).
    55 | D:1      | 55 ||| Stepping ~*~*~tactically~*~*~ (stealth).
    74 | D:1      | Reached XP level 2. HP: 15/19 MP: 2/2
   178 | D:1      | 178 ||| FLEEEEING.
   179 | D:1      | 179 ||| FLEEEEING.
   180 | D:1      | 180 ||| FLEEEEING.
   181 | D:1      | 181 ||| FLEEEEING.
   182 | D:1      | 182 ||| FLEEEEING.
   183 | D:1      | 183 ||| FLEEEEING.
   184 | D:1      | 184 ||| FLEEEEING.
   185 | D:1      | 185 ||| FLEEEEING.
   186 | D:1      | 186 ||| FLEEEEING.
   187 | D:1      | 187 ||| FLEEEEING.
   188 | D:1      | 188 ||| FLEEEEING.
   189 | D:1      | 189 ||| FLEEEEING.
   190 | D:1      | 190 ||| FLEEEEING.
   191 | D:1      | 191 ||| FLEEEEING.
   193 | D:1      | 193 ||| FLEEEEING.
   194 | D:1      | 194 ||| FLEEEEING.
   195 | D:1      | 195 ||| FLEEEEING.
   196 | D:1      | 196 ||| FLEEEEING.
   197 | D:1      | 197 ||| FLEEEEING.
   198 | D:1      | 198 ||| FLEEEEING.
   199 | D:1      | 199 ||| FLEEEEING.
   200 | D:1      | 200 ||| FLEEEEING.
   202 | D:1      | 202 ||| FLEEEEING.
   243 | D:1      | Reached skill level 3 in Axes
   300 | D:1      | Reached XP level 3. HP: 23/23 MP: 3/3
   451 | D:1      | 451 ||| DROPPING ring of magical power.
   452 | D:1      | 452 ||| READING 2 scrolls labelled EMAIDD ANUO.
   453 | D:1      | 453 ||| READING scroll labelled GUELIAMAUS.
   454 | D:1      | 454 ||| READING scroll labelled MIUMUOLUSA.
   455 | D:1      | 455 ||| READING scroll labelled TESI CEPNAN.
   730 | D:2      | 730 ||| Stepping ~*~*~tactically~*~*~ (stealth).
   745 | D:2      | 745 ||| Stepping ~*~*~tactically~*~*~ (stealth).
   805 | D:2      | 805 ||| FLEEEEING.
   806 | D:2      | 806 ||| FLEEEEING.
   807 | D:2      | 807 ||| FLEEEEING.
   808 | D:2      | 808 ||| FLEEEEING.
   809 | D:2      | 809 ||| FLEEEEING.
   811 | D:2      | 811 ||| FLEEEEING.
   814 | D:2      | 814 ||| FLEEEEING.
   815 | D:2      | 815 ||| FLEEEEING.
   816 | D:2      | 816 ||| STAIRDANCE
   826 | D:1      | 826 ||| DRINKING 2 glowing purple potions.
   912 | D:2      | 912 ||| Stepping ~*~*~tactically~*~*~ (hiding).
   968 | D:2      | Found an opulent altar of Gozag.
  1132 | D:2      | Noticed Terence
  1145 | D:2      | HP: 5/23 [Terence/+0 trident (2)]
  1148 | D:2      | HP: 1/23 [Terence/+0 trident (3)]
  1150 | D:2      | Killed Terence
  1151 | D:2      | Reached XP level 4. HP: 2/28 MP: 4/4
  1535 | D:2      | Found a faded altar of an unknown god.
  1667 | D:2      | 1667 ||| READING scroll labelled ISHEERHUUFA.
  1671 | D:2      | 1671 ||| READING 3 scrolls of identify.
  1671 | D:2      | 1671 ||| IDENTIFYING viscous emerald potion
  1672 | D:2      | 1672 ||| READING 2 scrolls of identify.
  1672 | D:2      | 1672 ||| IDENTIFYING grey potion
  1673 | D:2      | 1673 ||| DROPPING potion of berserk rage.
  1691 | D:3      | Noticed Sigmund
  1708 | D:3      | HP: 7/28 [something (6)]
  1712 | D:3      | HP: 1/28 [something (4)]
  1713 | D:3      | Killed Sigmund
  1714 | D:3      | Reached skill level 5 in Axes
  1714 | D:3      | Reached XP level 5. HP: 1/32 MP: 5/5
  1714 | D:3      | Reached XP level 6. HP: 1/37 MP: 6/6
  1880 | D:3      | Found a white marble altar of Elyvilon.
  1880 | D:3      | Found an ornate altar of the Wu Jian Council.
  1883 | D:3      | 1883 ||| DROPPING +0 whip.
  1972 | D:3      | Noticed qw's ghost (amateur MiHs)
  1973 | D:3      | Found a runed translucent door.
  2077 | D:3      | 2077 ||| Stepping ~*~*~tactically~*~*~ (hiding).
  2291 | D:3      | 2291 ||| Stepping ~*~*~tactically~*~*~ (stealth).
  2293 | D:3      | 2293 ||| Stepping ~*~*~tactically~*~*~ (hiding).
  2348 | D:3      | Found Reweab's Distillery.
  2356 | D:3      | 2356 ||| BUYING potion of attraction (42 gold).
  2356 | D:3      | Bought a potion of attraction for 42 gold pieces
  2356 | D:3      | 2356 ||| BUYING potion of cancellation (112 gold).
  2356 | D:3      | Bought a potion of cancellation for 112 gold pieces
  2356 | D:3      | 2356 ||| SHOPLISTING potion of curing (42 gold, have 14).
  2356 | D:3      | 2356 ||| SHOPLISTING potion of enlightenment (70 gold, have
                  | 14).
  2356 | D:3      | 2356 ||| SHOPLISTING potion of haste (140 gold, have 14).
  2444 | D:3      | 2444 ||| READING scroll labelled YGAQ UCHIDU.
  2474 | D:3      | 2474 ||| READING scroll labelled BOTECWIRAST.
  2475 | D:3      | 2475 ||| READING 3 scrolls of identify.
  2475 | D:3      | 2475 ||| IDENTIFYING inky potion
  2476 | D:3      | 2476 ||| READING 2 scrolls of identify.
  2476 | D:3      | 2476 ||| IDENTIFYING silvery potion
  2501 | D:4      | Slain by an ogre

Levels and vault maps discovered:
D:1:      nzn_arrival_settlement, layout_rooms, supply_closet_lemuel
D:2:      layout_basic, basic_altar, ebering_ecumenical_altar_rust,
          grunt_ministairs_13, uniq_terence
D:3:      layout_basic, grunt_temple_overflow_open,
          hellmonk_ghost_happy_afterlife, serial_shops, shop, uniq_sigmund
D:4:      layout_rooms, serial_glass, glass_columns_b, glass_columns_b,
          glass_columns_c, lexackson_kobold_supper, uniq_duvessa

Skill      XL: |  1  2  3  4  5  6 |
---------------+-------------------+-----
Axes           | 2 3 5 |  5.6
Fighting       | 4 |  4.0
Armour         | |  3.2
Shields        | |  3.2

Action                     |  1- 3 |  4- 6 || total
---------------------------+-------+-------++-------
  Melee: War axe           |    96 |    68 ||   164
  Throw: Boomerang         |    19 |     7 ||    26
    Use: Scroll            |     4 |     7 ||    11
         Potion            |     1 |       ||     1
 Armour: Scale mail        |    49 |    37 ||    86
  Dodge: Dodged            |    44 |    44 ||    88
  Block: Buckler           |    15 |    15 ||    30

Table legend:
 A = Non-vault XP
 B = Vault XP
 C = Vault XP percentage of total XP
 D = Non-vault monster count
 E = Vault monster count
 F = Vault count percentage of total count
                 A         B        C        D         E       F
            +---------+---------+-------+---------+---------+-------
      Total |     133 |     283 |  68.0 |      55 |       4 |   6.8
            +---------+---------+-------+---------+---------+-------
        D:1 |      38 |       0 |   0.0 |      20 |       0 |   0.0
        D:2 |      14 |      40 |  74.1 |       9 |       3 |  25.0
        D:3 |      75 |     243 |  76.4 |      23 |       1 |   4.2
        D:4 |       6 |       0 |   0.0 |       3 |       0 |   0.0
            +---------+---------+-------+---------+---------+-------
